 Dungeon Crawl Stone Soup version 0.25.0-11-g1f837a76a1 (webtiles) character file.

Game seed: 2354371890760372078

(classic levelgen) 517 EnegeticOcto the Chopper (level 7, 49/63 HPs)
             Began as a Deep Dwarf Fighter on June 27, 2020.
             Quit the game on level 5 of the Dungeon.
             The game lasted 00:01:58 (1525 turns).

EnegeticOcto the Chopper (Deep Dwarf Fighter)       Turns: 1525, Time: 00:01:59

Health: 49/63      AC:  9    Str: 21    XL:     7   Next: 0%
Magic:  6/6        EV:  5    Int:  9    God:
Gold:   65         SH: 10    Dex: 12    Spells: 6/6 levels left

rFire    . . .     SeeInvis .   a - +0 war axe
rCold    . . .     Gourm    .   c - +0 kite shield
rNeg     . . .     Faith    .   h - +0 chain mail
rPois    .         Spirit   .   (no helmet)
rElec    .         Reflect  .   (no cloak)
rCorr    .         Harm     .   (no gloves)
MR       +....                  (no boots)
Stlth    ..........             (no amulet)
HPRegen  0.00/turn              (no ring)
MPRegen  0.10/turn              (no ring)

@: non-regenerating
A: damage resistance, heal wounds, sense surroundings 1, no regeneration
a: Heal Wounds


You were on level 5 of the Dungeon.
You were not hungry.

You visited 1 branch of the dungeon, and saw 5 of its levels.

You collected 116 gold pieces.
You paid 51 gold pieces to Gozag.

Inventory:

Hand Weapons
 a - a +0 war axe (weapon)
Armour
 b - a +0 scale mail
 c - a +0 kite shield (worn)
 h - a +0 chain mail (worn)
Jewellery
 q - an uncursed ring of stealth {unknown}
Wands
 g - a wand of enslavement (10)
 i - a wand of flame (20) {@v4}
 o - a wand of polymorph (4)
Scrolls
 j - 4 scrolls of identify {unknown}
 l - a scroll of enchant weapon {unknown}
 m - 3 scrolls of teleportation {unknown}
 n - a scroll of remove curse {unknown}
 p - 3 scrolls of enchant armour {unknown}
Potions
 d - a potion of might {@q3 !q}
 k - a potion of flight {unknown}
Comestibles
 e - a ration
 f - 8 chunks of flesh


   Skills:
 + Level 3.7 Fighting
 * Level 4.9 Axes
 + Level 4.5 Armour
 + Level 4.4 Shields
 * Level 4.5 Evocations


You had 6 spell levels left.
You didn't know any spells.
Your spell library was empty.

Dungeon Overview and Level Annotations

Branches:
Dungeon (5/15)
 Temple: D:4-7

Altars:
Ashenzari
Gozag
Hepliaklqana

Annotations:
D:5 Eustachio


Innate Abilities, Weirdness & Mutations

You are resistant to damage.
You can heal yourself by infusing magical energy.
You passively map a small area around you.
You do not regenerate.


Message History

Your chain mail prevents you from hitting the orc wizard.
The orc wizard is severely wounded.
The orc wizard completely misses you. You block the orc wizard's attack.
You barely miss the orc wizard.
The orc wizard is severely wounded.
You block the orc wizard's attack.
The orc wizard hits you but does no damage.
You slash the orc wizard!
You kill the orc wizard!
Your Evocations skill increases to level 4!
No target in view!
No target in view!
Your magical essence is drained by the effort!
You feel much better.
Things that are here:
a +0 dagger; a +0 robe
Found 25 stones.
q - a blackened pearl ring You open the door.
There is an open door here.
You now have 65 gold pieces (gained 16).
An adder skeleton comes into view.
The adder skeleton moves out of view.
A worker ant and Menkaure come into view.
Gozag incites the worker ant against you.
The worker ant goes berserk!
Menkaure shouts!
The adder skeleton barely misses you.
The adder skeleton bites you but does no damage.
Evoke which item? (* to show all) (? for menu, Esc to quit)
Aiming: Throw Flame
Press: ? - help, Shift-Dir - straight line, f - Menkaure
Aim: Menkaure The puff of flame hits Menkaure!
Menkaure is burned terribly!
Menkaure is moderately damaged.
The adder skeleton bites you but does no damage.
Menkaure calls on the powers of darkness!
Your body is wracked with pain!
Evoke which item? (* to show all) (? for menu, Esc to quit)
Aiming: Throw Flame
Press: ? - help, Shift-Dir - straight line, f/p - Menkaure
Aim: Menkaure (moderately damaged)
The puff of flame misses Menkaure.
The adder skeleton bites you.
Evoke which item? (* to show all) (? for menu, Esc to quit)
Aiming: Throw Flame
Press: ? - help, Shift-Dir - straight line, f/p - Menkaure
Aim: Menkaure (moderately damaged)
The puff of flame hits Menkaure.
Menkaure is burned terribly!
Menkaure is heavily damaged.
The adder skeleton barely misses you. The worker ant bites you.
Evoke which item? (* to show all) (? for menu, Esc to quit)
Aiming: Throw Flame
Press: ? - help, Shift-Dir - straight line, f/p - Menkaure
Aim: Menkaure (heavily damaged)
The puff of flame hits Menkaure!
Menkaure is burned terribly!
You destroy Menkaure!
The worker ant bites you. The adder skeleton bites you.
You block the worker ant's attack.
You feel much better. You block the worker ant's attack.
You block the adder skeleton's attack.
Okay, then.
You slash the worker ant!
The worker ant is heavily wounded.
You hit the adder skeleton. You block the worker ant's attack.
The worker ant bites you but does no damage.
You block the adder skeleton's attack.
The worker ant bites you but does no damage.
The adder skeleton barely misses you.
You hit the worker ant but do no damage.
The worker ant is heavily wounded.
You hit the adder skeleton. You block the worker ant's attack.
The worker ant bites you.
You are poisoned.
The worker ant poisons you!
The adder skeleton bites you but does no damage.
You slash the adder skeleton!
You destroy the adder skeleton!
You closely miss the worker ant. You block the worker ant's attack.
The worker ant bites you.
You slash the worker ant!
The worker ant is almost dead.
The worker ant barely misses you. The worker ant bites you.
The worker ant bites you but does no damage.
Your shield and chain mail prevent you from hitting the worker ant.
The worker ant is almost dead.
The worker ant barely misses you.
The worker ant bites you but does no damage.
You hit the worker ant but do no damage.
The worker ant is severely wounded.
You block the worker ant's attack. x3
You slash the worker ant!
You kill the worker ant!
Gozag seems mollified.
You have reached level 7!
You butcher the worker ant corpse.
f - 8 chunks of flesh (gained 2)
You are no longer poisoned.
Eustachio the Magnificent comes into view.
He is wielding a +0 falchion.
Eustachio moves out of view.
Are you sure you want to abandon this character and quit the game? (Confirm with "yes".)

#.................#
#.......
#.8.......8......##
.....<..
##....8..........#
........
##........8#....##
*.......#
#...........##..#
.....#
#..8.....8..##### ,
, #........##..# , *
#.........#..# ,
##..........#@##
#..........##..####
#..........#......#*
#.........#...###..
##...........## ##
#..........## * ,
##........##
#.......## #...##.##
,


There were no monsters in sight!

Vanquished Creatures
  Menkaure (D:5)
  An ogre (D:4)
  A centaur (D:5)
  A bullfrog skeleton (D:4)
  An orc priest (D:3)
  2 orc wizards
  2 worker ants
  A hound skeleton (D:4)
  2 adders
  2 adder skeletons
  2 worms
  2 leopard geckos
  An orc (D:3)
  2 ball pythons (D:4)
  A hobgoblin (D:2)
  3 jackals (D:3)
  A kobold (D:2)
  2 quokkas (D:4)
  4 bats
  A frilled lizard (D:3)
  3 goblins
  2 rats (D:3)
38 creatures vanquished.

Notes
Turn   | Place    | Note
-------+----------+-------------------------------------------
     0 | D:1      | EnegeticOcto the Deep Dwarf Fighter began the quest for the
                  | Orb.
     0 | D:1      | Reached XP level 1. HP: 20/20 MP: 1/1
    61 | D:2      | Reached XP level 2. HP: 18/27 MP: 2/2
   102 | D:3      | Reached skill level 3 in Axes
   102 | D:3      | Reached skill level 1 in Evocations
   102 | D:3      | Reached XP level 3. HP: 33/33 MP: 2/4
   121 | D:3      | Your magical essence is drained by the effort!
   131 | D:3      | Reached skill level 3 in Fighting
   193 | D:3      | Reached XP level 4. HP: 35/42 MP: 4/4
   360 | D:3      | Reached skill level 2 in Evocations
   519 | D:4      | Reached XP level 5. HP: 31/49 MP: 4/6
   575 | D:4      | Noticed an ogre
   598 | D:4      | Your magical essence is drained by the effort!
   601 | D:4      | Your magical essence is drained by the effort!
   603 | D:4      | Killed an ogre
   603 | D:4      | Reached skill level 4 in Axes
   603 | D:4      | Reached skill level 4 in Armour
   603 | D:4      | Reached skill level 4 in Shields
   603 | D:4      | Reached skill level 3 in Evocations
   887 | D:4      | Found a shattered altar of Ashenzari.
   993 | D:4      | Found an opulent altar of Gozag.
  1142 | D:4      | Became a worshipper of Gozag Ym Sagoz the Greedy
  1143 | D:4      | Fell from the grace of Gozag
  1298 | D:5      | Entered Level 5 of the Dungeon
  1322 | D:5      | Noticed a centaur
  1326 | D:5      | Found a hazy altar of Hepliaklqana.
  1332 | D:5      | Killed a centaur
  1332 | D:5      | Reached XP level 6. HP: 50/56 MP: 5/5
  1419 | D:5      | Reached skill level 4 in Evocations
  1420 | D:5      | Your magical essence is drained by the effort!
  1466 | D:5      | Noticed Menkaure
  1470 | D:5      | Killed Menkaure
  1478 | D:5      | Was forgiven by Gozag
  1478 | D:5      | Reached XP level 7. HP: 49/63 MP: 6/6
  1524 | D:5      | Noticed Eustachio
  1525 | D:5      | Quit the game

Illustrated notes

Levels and vault maps discovered:
D:1:      dpeg_arrival_fog, layout_loops_ring, grunt_decor_one_mirror
D:2:      layout_loops_ring, lemuel_round_altar
D:3:      layout_loops_corners, first_ration
D:4:      layout_cave_pods, overflow_temple_1_default, kennysheep_little_box
D:5:      layout_cave_pods, nicolae_overflow_crystal_walls, old_standard_altar,
          serial_column_ruins, column_ruins_circle_medium,
          column_ruins_square_medium, column_ruins_corridor_straight,
          column_ruins_grid_3, column_ruins_grid_1, column_ruins_open_medium,
          column_ruins_open_tiny, kennysheep_generic_room_16, uniq_eustachio,
          uniq_menkaure

Skill      XL: |  1  2  3  4  5  6 |
---------------+-------------------+-----
Axes           | 3 4 |  4.9
Evocations     | 1 2 3 4 |  4.5
Fighting       | 3 |  3.7
Armour         | 4 |  4.5
Shields        | 4 |  4.4

Action                   |  1- 3 |  4- 6 |  7- 9 || total
-------------------------+-------+-------+-------++-------
Melee: War axe           |    66 |   126 |       ||   192
Invok: Renounce Religion |       |     1 |       ||     1
 Abil: Heal Wounds       |     2 |    10 |       ||    12
Evoke: Wand              |       |     4 |       ||     4
  Eat: Ration            |       |     1 |       ||     1
Armor: Scale mail        |     7 |       |       ||     7
       Chain mail        |    35 |    89 |       ||   124
Dodge: Dodged            |    16 |    28 |       ||    44
Block: Kite shield       |    35 |    72 |       ||   107
